 Dungeon Crawl Stone Soup version 0.27-a0-414-gbb19ded6d3 (webtiles) character file.

Game seed: 2603850889581262077

508 Anon1729 the Magician (level 7, -10/46 HPs)
             Began as a Human Venom Mage on Feb 24, 2021.
             Mangled by Duvessa
             ... wielding a +1 short sword of venom
              (20 damage)
             ... on level 5 of the Dungeon.
             The game lasted 00:12:10 (5834 turns).

Anon1729 the Magician (Human Venom Mage)            Turns: 5834, Time: 00:12:11

Health: -10/46     AC:  3    Str:  7    XL:     7   Next: 42%
Magic:  3/14       EV: 11    Int: 24    God:
Gold:   198        SH:  6    Dex: 13    Spells: 2/15 levels left

rFire    + . .     SeeInvis .   (no weapon)
rCold    . . .     Faith    .   u - +3 buckler "Meqamniph" {Rampage rF+ Str-2 Int+7}
rNeg     + . .     Spirit   .   a - +0 robe
rPois    .         Reflect  .   (no helmet)
rElec    .         Harm     .   z - +0 cloak
rCorr    .         Rampage  +   (no gloves)
Will     +....                  (no boots)
Stlth    ++........             (no amulet)
HPRegen  0.15/turn              j - ring of positive energy
MPRegen  0.14/turn              t - ring of willpower

@: lethally poisoned (-10 -> -19)
A: no striking features
a: no special abilities


You were on level 5 of the Dungeon.
You visited 1 branch of the dungeon, and saw 5 of its levels.

You collected 198 gold pieces.

Inventory:

Hand Weapons
 y - a +4 quarterstaff of chaos
Armour
 a - a +0 robe (worn)
 u - the +3 buckler "Meqamniph" (worn) {Rampage rF+ Str-2 Int+7}
   (You found it on level 4 of the Dungeon)

   It affects your strength (-2).
   It affects your intelligence (+7).
   It protects you from fire.
   It bestows one free step when moving towards enemies.
 z - a +0 cloak (worn)
Jewellery
 j - a ring of positive energy (left hand)
 l - a ring of flight
 t - a ring of willpower (right hand)
 v - a ring of fire
 A - an amulet of guardian spirit
Wands
 i - a wand of acid (6)
 k - a wand of iceblast (12)
 x - a wand of flame (22)
Scrolls
 b - 7 scrolls of identify {unknown}
 e - 2 scrolls of enchant weapon {unknown}
 f - a scroll of magic mapping {unknown}
 o - a scroll of teleportation {unknown}
 p - 2 scrolls of fog {unknown}
 r - a scroll of random uselessness {unknown}
Potions
 c - a potion of magic {unknown}
 d - a potion of attraction {unknown}
 g - 4 potions of curing
 h - a potion of brilliance {unknown}
 m - 2 potions of mutation {unknown}
 n - a potion of invisibility {unknown}
 q - 2 potions of haste {unknown}
 s - a potion of degeneration {unknown}
 w - a potion of resistance {unknown}


   Skills:
 - Level 2.2 Dodging
 - Level 2.0 Stealth
 * Level 4.8 Spellcasting
 + Level 1.4 Conjurations
 + Level 3.3 Transmutations
 + Level 1.4 Air Magic
 + Level 4.4 Poison Magic


You had 2 spell levels left.
You knew the following spells:

 Your Spells              Type           Power        Failure   Level
a - Sting                 Tmut/Pois      96%          3%          1
b - Poisonous Vapours     Pois/Air       38%          7%          2
c - Mephitic Cloud        Conj/Pois/Air  17%          17%         3
d - Olgreb's Toxic Radia  Pois           27%          24%         4
e - Ignite Poison         Fire/Tmut/Pois 18%          16%         3

Your spell library contained the following spells:

 Spells                   Type           Power        Failure   Level


Dungeon Overview and Level Annotations

Branches:
Dungeon (5/15)
 Temple: D:4-7

Altars:
Cheibriados
Elyvilon
Nemelex Xobeh
Ru

Annotations:
D:5 Duvessa


Message History

Dowan gestures wildly while chanting.
Dowan blinks!
Casting: Olgreb's Toxic Radiance (quite dangerous; 24% risk of failure)
Confirm with . or Enter, or press ? or * to list all spells.
You ignite the poison in your surroundings!
Duvessa seems to burn from within!!
Duvessa is severely wounded.
Dowan seems to burn from within!!!
You kill Dowan!
Duvessa screams, "No!
How DARE you!"
Duvessa goes berserk!
Duvessa hits you with a +1 short sword of venom!
You are poisoned.
Unknown command.
Unknown command.
Unknown command.
Unknown command.
Unknown command.
Unknown command.
Casting: Ignite Poison (dangerous; 16% risk of failure)
Confirm with . or Enter, or press ? or * to list all spells.
The spell is quite dangerous to cast (24% risk of failure)!
Continue anyway?
You begin to radiate toxic energy.
Duvessa is poisoned.
Duvessa looks even sicker.
You feel sick.
Duvessa hits you with a +1 short sword of venom!!
You are lethally poisoned!
Duvessa hits you with a +1 short sword of venom.
* * * LOW HITPOINT WARNING * * *
You are more poisoned.
Okay, then.
Duvessa looks even sicker.
Your toxic aura wanes.
* * * LOW HITPOINT WARNING * * *
You feel very sick.
It was a potion of curing.
You feel better.
Duvessa hits you with a +1 short sword of venom.
* * * LOW HITPOINT WARNING * * *
You are poisoned.
Duvessa hits you with a +1 short sword of venom!!
You die...

.#. ######### # .)
#.......# .##. ..##
##.......### ....##...
............. ........##
###.......### .........
............ ...#....#
###.......###
........########.......#
##.####.e@....##.......###
#....##.............
##..................
#.....#############
#.....# #######


You could see Duvessa (berserk, very poisoned).

Vanquished Creatures
  A black bear (D:4)
  Blork the orc (D:4)
  Dowan (D:5)
  Crazy Yiuf (D:2)
  A hound (D:3)
  2 iguanas (D:4)
  2 worker ants (D:4)
  2 orc wizards (D:4)
  2 adders
  An ooze (D:1)
  4 worms
  5 leopard geckos
  9 orcs
  3 giant cockroaches
  4 goblins
  5 hobgoblins
  3 jackals (D:2)
  A kobold (D:2)
  A quokka (D:4)
  6 bats
  4 frilled lizards
  4 rats
  A bush (D:1)
64 creatures vanquished.

Vanquished Creatures (others)
  4 plants
4 creatures vanquished.

Grand Total: 68 creatures vanquished

Notes
Turn   | Place    | Note
-------+----------+-------------------------------------------
     0 | D:1      | Anon1729 the Human Venom Mage began the quest for the Orb.
     0 | D:1      | Reached XP level 1. HP: 13/13 MP: 3/3
   381 | D:1      | Reached XP level 2. HP: 19/19 MP: 0/5
   769 | D:1      | Reached XP level 3. HP: 19/24 MP: 0/6
  1517 | D:2      | Found a faded altar of an unknown god.
  1671 | D:2      | You fall into a shaft and drop 2 floors!
  1713 | D:4      | Reached XP level 4. HP: 30/30 MP: 3/8
  2101 | D:2      | Found a runed translucent door.
  2102 | D:2      | Noticed Crazy Yiuf
  2334 | D:2      | Found a snail-covered altar of Cheibriados.
  2405 | D:2      | Reached XP level 5. HP: 22/35 MP: 0/10
  2703 | D:2      | Learned a level 2 spell: Poisonous Vapours
  2707 | D:2      | Learned a level 3 spell: Ignite Poison
  2712 | D:2      | Learned a level 4 spell: Olgreb's Toxic Radiance
  3470 | D:3      | Found a sparkling altar of Nemelex Xobeh.
  3470 | D:3      | Found a white marble altar of Elyvilon.
  3599 | D:4      | Found a sacrificial altar of Ru.
  3809 | D:4      | Noticed Blork the orc
  3815 | D:4      | Killed Blork the orc
  3816 | D:4      | Reached XP level 6. HP: 33/41 MP: 2/12
  3820 | D:4      | Learned a level 3 spell: Mephitic Cloud
  3945 | D:4      | Identified a slimy buckler
  5161 | D:4      | Noticed a black bear
  5165 | D:4      | Killed a black bear
  5166 | D:4      | Reached skill level 1 in Conjurations
  5166 | D:4      | Reached skill level 1 in Air Magic
  5166 | D:4      | Reached XP level 7. HP: 46/46 MP: 4/13
  5398 | D:2      | Killed Crazy Yiuf
  5761 | D:5      | Entered Level 5 of the Dungeon
  5825 | D:5      | Noticed Duvessa
  5828 | D:5      | Noticed Dowan
  5831 | D:5      | Killed Dowan
  5834 | D:5      | Mangled by Duvessa

Illustrated notes

Levels and vault maps discovered:
D:1:      roderic_dead_forest, layout_loops_corners, serial_forest,
          infiniplex_forest_split, infiniplex_forest_straight_2,
          infiniplex_forest_clump_diagonal, infiniplex_forest_clump_long,
          infiniplex_forest_clump_medium, infiniplex_forest_lined_2,
          infiniplex_forest_clump_curved, infiniplex_forest_join,
          columned_hall_lemuel
D:2:      wander_river, layout_loops_cross,
          chequers_ecumenical_altar_simple_redux, cheibriados_altar_1,
          uniq_crazy_yiuf_cottage
D:3:      layout_basic, gammafunk_temple_overflow_statue, serial_bayou_crossing
D:4:      black_bear_nest_2, layout_cave_pools, serial_co_window_serial,
          co_window_corner_a, co_window_of_opportunity_a, co_window_corner_a,
          co_window_corner_a, co_window_corner_a, co_window_corner_a,
          co_window_corner_a, co_window_of_opportunity_a, co_window_corner_a,
          co_window_of_opportunity_b, co_window_paths_c, co_window_2corner,
          co_window_2corner, co_window_paths_d, glass_columns_b,
          glass_columns_a, glass_columns_b, grunt_decor_clamped,
          nicolae_ru_the_path_less_chosen, uniq_blork_the_orc
D:5:      layout_rooms, serial_shops, shop, minmay_chambers_of_fives,
          uniq_duvessa

Skill      XL: |  1  2  3  4  5  6 |
---------------+-------------------+-----
Spellcasting   | 3 4 |  4.8
Transmutations | 2 3 |  3.3
Poison Magic   | 4 |  4.4
Conjurations   | 1 |  1.4
Air Magic      | 1 |  1.4
Dodging        | |  2.2
Stealth        | |  2.0

Action                   |  1- 3 |  4- 6 |  7- 9 || total
-------------------------+-------+-------+-------++-------
Melee: Unarmed           |    17 |    17 |       ||    34
       Quarterstaff      |       |       |    24 ||    24
 Cast: Sting             |    42 |    74 |     2 ||   118
       Ignite Poison     |       |     6 |     3 ||     9
       Olgreb's Toxic Ra |       |     6 |     3 ||     9
  Use: Potion            |       |       |     1 ||     1
Armor: Robe              |     5 |    14 |       ||    19
Dodge: Dodged            |    13 |    59 |       ||    72

Table legend: (Time is in decaauts)
 A = Elapsed time spent in this place.
 B = Non-inter-level travel time spent in this place.
 C = Inter-level travel time spent in this place.
 D = Time resting spent in this place.
 E = Time spent auto-exploring this place.
 F = Levels seen in this place.
 G = Mean time per level.
                   A        B        C        D        E       F      G
               +--------+--------+--------+--------+--------+-----+--------+
         Total |   5862 |   5409 |    453 |    849 |   3869 |   5 | 1172.4 |
       Dungeon |   5862 |   5409 |    453 |    849 |   3869 |   5 | 1172.4 |
               +--------+--------+--------+--------+--------+-----+--------+

Top non-repeatable levels by time:
     D:4: 1756 daAuts
     D:1: 1751 daAuts
     D:2: 1370 daAuts
     D:3: 911 daAuts
     D:5: 72 daAuts
